 Dungeon Crawl Stone Soup version 0.29.1-1-gd02db6906a (webtiles) character file.

Game seed: 16128793576868308974

1428 unlimited1921 the Magician (level 9, -14/56 HPs)
             Began as a Djinni Fire Elementalist on Sept 18, 2022.
             Was an Initiate of Gozag.
             Engulfed by a cloud of freezing vapour (28 damage)
             ... on level 5 of the Dungeon.
             The game lasted 00:31:15 (8987 turns).

unlimited1921 the Magician (DjFE)                   Turns: 8987, Time: 00:31:16

Health: -14/56     AC: 10    Str:  7    XL:     9   Next: 3%
Gold:   317        EV: 11    Int: 21    God:    Gozag SH:  0 Dex: 14

rFire   + + .      SeeInvis .   n - +2 dagger (venom)
rCold   x . .      Faith    .   (no shield)
rNeg    . . .      Spirit   .   e - +0 leather armour
rPois   ∞          Reflect  .   j - +2 helmet
rElec   .          Harm     .   I - +2 cloak
rCorr   +          Rampage  .   J - +0 pair of gloves
Will    .....                   (boots unavailable)
Stlth   ++........              (no amulet)
HPRegen 0.18/turn               f - ring of resist corrosion
MPRegen 0.00/turn               (no ring)

@: flying
A: sickness immunity, fire resistance 2, cold vulnerability 1, float, innate
caster, HP casting, extra vitality 1
a: Renounce Religion, Potion Petition, Call Merchant, Bribe Branch


You were on level 5 of the Dungeon.
You worshipped Gozag.
Gozag was aware of your devotion.
You visited 2 branches of the dungeon, and saw 6 of its levels.

You collected 362 gold pieces.
You paid 45 gold pieces to Gozag.

Inventory:

Hand Weapons
 c - a +0 trident
 i - a +0 sling
 n - a +2 dagger of venom (weapon)
 v - a +0 quarterstaff
 w - a +2 long sword of draining
 B - a +2 dagger of draining
 G - a +1 short sword of draining
Missiles
 d - 20 stones
 A - 5 poisoned darts
 H - a boomerang
Armour
 a - a +0 robe
 e - a +0 leather armour (worn)
 j - a +2 helmet (worn)
 t - a +0 ring mail
 y - a scarf of invisibility
 I - a +2 cloak (worn)
 J - a +0 pair of gloves (worn)
Jewellery
 f - a ring of resist corrosion (left hand)
 L - a ring of fire
Wands
 F - a wand of mindburst (7)
Scrolls
 b - 2 scrolls of enchant armour
 h - a scroll of silence {unknown}
 l - 4 scrolls of teleportation {unknown}
 m - 2 scrolls of vulnerability {unknown}
 p - 2 scrolls of poison {unknown}
 r - 2 scrolls of identify {unknown}
 s - 2 scrolls of amnesia {unknown}
 x - a scroll of torment {unknown}
 D - 3 scrolls of butterflies {unknown}
 K - a scroll of blinking {unknown}
Potions
 g - a potion of mutation {unknown}
 k - 2 potions of degeneration {unknown}
 q - 2 potions of cancellation {unknown}
 u - 2 potions of flight {unknown}
 z - 2 potions of heal wounds {unknown}
 C - 2 potions of curing
 E - a potion of lignification {unknown}


   Skills:
 + Level 0.3 Fighting
 + Level 3.6 Armour
 + Level 2.3 Dodging
 + Level 2.7 Stealth
 + Level 7.6 Spellcasting


You couldn't memorise any spells.
You knew the following spells:

 Your Spells              Type           Power      Damage    Failure   Level
a - Foxfire               Conj/Fire      100%       2x1d9     1%          1
b - Scorch                Fire           78%        2d9       1%          2
c - Conjure Flame         Conj/Fire      39%        6-21      1%          3
d - Inner Flame           Hex/Fire       39%        N/A       1%          3
e - Flame Wave            Conj/Fire      39%        2d11      5%          4
f - Sting                 Tmut/Pois      100%       1d8       1%          1
g - Static Discharge      Conj/Air       39%        3-8/arc   1%          2
h - Lesser Beckoning      Tloc           39%        N/A       1%          3
i - Petrify               Tmut/Erth      39%        N/A       5%          4
Your spell library was empty.

Dungeon Overview and Level Annotations

Branches:
Dungeon (5/15)             Temple (1/1) D:4

Altars:
Cheibriados
Fedhas
Gozag
Makhleb
Nemelex Xobeh
Okawaru
Qazlal
Ru
Trog
Uskayaw
Wu Jian
Xom
Yredelemnul

Shops:
D:2 =   D:3 [

Annotations:
D:2 1 runed translucent door, Crazy Yiuf


Innate Abilities, Weirdness & Mutations

You are immune to sickness and miasma.
You are immune to poison.
Your flesh is very heat resistant. (rF++)
You are vulnerable to cold. (rC-)
You float through the air rather than walking.
You learn spells naturally, not from books.
Your magical power is your life essence.
You have superior vitality. (+4 MHP)


Message History

Aiming: Sting (safe; 1% risk of failure)
Press: ? - help, Shift-Dir - straight line, f/p - iguana
Aim: an iguana (moderately wounded, poisoned, 81% to hit)
The sting hits the iguana.
The iguana looks even sicker.
The iguana is severely wounded.
The iguana bites you but does no damage.
Casting: Sting (safe; 1% risk of failure)
Confirm with . or Enter, or press ? or * to list all spells.
Flames lash the iguana.
You kill the iguana!
You start resting.
HP restored.
You start waiting.
Done waiting.
You now have 317 gold pieces (gained 5).
Found a large marble ring.
L - a ring of fire
There are no items here.
You drop a +0 spear.
Found a long sword.
Found a stone staircase leading down.
You see here a +0 long sword.
d - 20 stones (gained 4)
Found a pair of boots.
Found 16 gold pieces.
You reach down and open the door.
There is an open door here.
Really fly into a travel-excluded area?
You are engulfed in freezing vapours.
Casting: Scorch (safe; 1% risk of failure)
Confirm with . or Enter, or press ? or * to list all spells.
Okay, then.
You are engulfed in freezing vapours.
* * * LOW HITPOINT WARNING * * *
You feel better.
You are engulfed in freezing vapours.
* * * LOW HITPOINT WARNING * * *
You feel better.
You are engulfed in freezing vapours.
Ouch! That really hurt!
You die...
Your body crumbles into a pile of gold.

.####.....# ##.#☼##
.####.#.### ##.#○##
......#...## ##.#.##
##.......).## ##.#.##
#...........# ##○#.##
#<..........# ##○#.##
#...........# ##○#.##
##.........## ##○#.##
##....#...## ##@#.##
....####### ##○#=##
....# ##○#[##
....######## ###○#$##
######.....###.'.#?##
#.###.....#.#?##
#...>.##########
#.....# #.#####
######.....# #..


There were no monsters in sight!

Vanquished Creatures
  Grinder (D:3)
  A black bear (D:3)
  An ogre (D:5)
  3 phantoms
  A necrophage (D:4)
  2 scorpions
  A howler monkey (D:4)
  2 hounds (D:5)
  A gnoll bouda (D:4)
  Natasha (thrice) (D:2)
  Terence (D:3)
  2 orc wizards (D:5)
  4 iguanas
  Robin (D:3)
  9 adders
  4 gnolls (D:4)
  A shadow imp (D:3)
  2 white imps (D:5)
  2 worms
  A dart slug (D:2)
  6 orcs
  12 endoplasms
  3 giant cockroaches
  21 goblins
  8 hobgoblins
  2 jackals (D:4)
  6 kobolds
  6 quokkas
  11 ball pythons
  4 bats
  2 frilled lizards
  3 rats (D:1)
127 creatures vanquished.

Vanquished Creatures (others)
  323 foxfires
323 creatures vanquished.

Grand Total: 450 creatures vanquished

Notes
Turn   | Place    | Note
-------+----------+-------------------------------------------
     0 | D:1      | unlimited1921 the Djinni Fire Elementalist began the quest
                  | for the Orb.
     0 | D:1      | unlimited1921 set off with the following spells memorised:
                  | Foxfire, Scorch, Conjure Flame, Inner Flame, Flame Wave.
     0 | D:1      | Reached XP level 1. HP: 15/15 MP: 0/0
   242 | D:1      | Reached XP level 2. HP: 19/21 MP: 0/0
   982 | D:1      | Reached skill level 3 in Spellcasting
  1409 | D:1      | Reached XP level 3. HP: 23/25 MP: 0/0
  1409 | D:1      | Learned a level 1 spell: Sting
  2260 | D:2      | Reached XP level 4. HP: 27/31 MP: 0/0
  2278 | D:2      | Reached skill level 1 in Armour
  2612 | D:2      | Found Meninn's Jewellery Shop.
  2888 | D:2      | Noticed Natasha
  2891 | D:2      | Killed Natasha
  3312 | D:2      | Found a runed translucent door.
  3313 | D:2      | Noticed Crazy Yiuf
  3483 | D:3      | Noticed Terence
  3483 | D:3      | Noticed a black bear
  3696 | D:3      | Reached XP level 5. HP: 30/35 MP: 0/0
  3696 | D:3      | Learned a level 2 spell: Static Discharge
  3697 | D:3      | Noticed Robin
  4060 | D:3      | Killed Robin
  4064 | D:3      | Reached skill level 4 in Spellcasting
  4100 | D:2      | Noticed Natasha
  4110 | D:2      | Killed Natasha
  4208 | D:3      | Killed a black bear
  4209 | D:3      | Reached XP level 6. HP: 26/40 MP: 0/0
  4336 | D:2      | Noticed Natasha
  4343 | D:2      | Killed Natasha
  4887 | D:3      | Killed Terence
  5237 | D:3      | Noticed Grinder
  5244 | D:3      | Killed Grinder
  5245 | D:3      | Reached skill level 5 in Spellcasting
  5245 | D:3      | Reached XP level 7. HP: 30/45 MP: 0/0
  5245 | D:3      | Learned a level 3 spell: Lesser Beckoning
  5409 | D:3      | Found Ockiwk's Armour Shop.
  6491 | D:4      | Reached XP level 8. HP: 39/50 MP: 0/0
  6718 | D:4      | Reached skill level 6 in Spellcasting
  7359 | D:4      | Found a staircase to the Ecumenical Temple.
  7373 | Temple   | Entered the Ecumenical Temple
  7378 | Temple   | Became a worshipper of Gozag Ym Sagoz the Greedy
  7641 | D:5      | Entered Level 5 of the Dungeon
  7938 | D:5      | Reached skill level 7 in Spellcasting
  8298 | D:5      | Noticed a +0 spear
  8299 | D:5      | Noticed a +0 dagger
  8662 | D:5      | Reached XP level 9. HP: 51/56 MP: 0/0
  8662 | D:5      | Learned a level 4 spell: Petrify
  8758 | D:5      | Found a hide-covered altar of Uskayaw.
  8758 | D:5      | Noticed a +0 falchion
  8759 | D:5      | Noticed a +0 dagger
  8760 | D:5      | Noticed a +0 short sword
  8760 | D:5      | Noticed a +0 short sword
  8761 | D:5      | Noticed a +0 spear
  8763 | D:5      | Noticed a +0 falchion
  8987 | D:5      | Engulfed by a cloud of freezing vapour

Illustrated notes

Levels and vault maps discovered:
D:1:      heliophobic_arrival_enchanted_forest, layout_basic
D:2:      layout_basic, serial_shops, nicolae_shop_behind_doors,
          uniq_crazy_yiuf_cottage, uniq_natasha
D:3:      layout_rooms, serial_shops, nicolae_shop_hallway_stairs, uniq_robin,
          uniq_grinder, uniq_terence
D:4:      layout_loops_ring, temple_statues, grunt_ministairs_9,
          kennysheep_generic_room_4
D:5:      lemuel_ice_spiral_2, layout_rooms, nicolae_uskayaw_en_pointe
Temple:   minmay_freezing_vapour_temple

Skill      XL: |  1  2  3  4  5  6  7  8 |
---------------+-------------------------+-----
Spellcasting   | 3 4 5 7 |  7.6
Armour         | 1 2 3 |  3.6
Stealth        | 2 |  2.7
Fighting       | |  0.3
Dodging        | |  2.3

Action                   |  1- 3 |  4- 6 |  7- 9 || total
-------------------------+-------+-------+-------++-------
Melee: Short sword       |     1 |       |       ||     1
 Cast: Foxfire           |    46 |    84 |    78 ||   208
       Scorch            |    10 |    20 |    31 ||    61
       Sting             |     2 |       |     2 ||     4
       Inner Flame       |       |     4 |    25 ||    29
  Use: Scroll            |       |     2 |       ||     2
       Potion            |       |     1 |     2 ||     3
Armor: Leather armour    |     1 |     2 |     3 ||     6
Dodge: Dodged            |     6 |     2 |     3 ||    11
